 Dungeon Crawl Stone Soup version 0.20.0-10-g0535bb4 (webtiles) character file.

5742 MTVSty1e the Grappler (level 10, -2/88 HPs)
             Began as a Ghoul Gladiator on June 4, 2017.
             Was a Believer of Makhleb.
             Slain by an ogre
             ... wielding a cursed -1 giant club
              (11 damage)
             ... while paralysed
             ... on level 10 of the Dungeon.
             The game lasted 00:28:33 (9186 turns).

MTVSty1e the Grappler (Ghoul Gladiator)             Turns: 9186, Time: 00:28:34

Health: -2/88      AC: 12    Str: 23 (24) XL:     10   Next: 77%
Magic:  0/11       EV:  2    Int:  0 (3)  God:    Makhleb [**....]
Gold:   576        SH:  0    Dex: 10      Spells: 9/9 levels left

rFire    + . .     SeeInvis .     - Unarmed
rCold    + . .     Gourm    .   y - +0 buckler
rNeg     + + +     Faith    .   A - +0 chain mail (curse)
rPois    ∞         Spirit   +   b - +0 helmet
rElec    .         Reflect  .   o - scarf {Spirit}
rCorr    .         Harm     .   i - +0 pair of gloves
MR       .....                  (no boots)
Stlth    ..........             (no amulet)
Regen    0.0/turn               C - ring of protection from fire
MPRegen  0.2/turn               n - +2 ring of strength

@: paralysed, rotting, slowed, lost intelligence
A: rotting body, claws 1, carnivore 3, cold resistance 1, negative energy
resistance 3, inhibited regeneration, torment resistance, unbreathing
a: Minor Destruction, Renounce Religion


You were on level 10 of the Dungeon.
You worshipped Makhleb.
Makhleb was pleased with you.
You were not hungry.

You visited 2 branches of the dungeon, and saw 11 of its levels.

You collected 576 gold pieces.

Inventory:

Missiles
 c - 6 throwing nets (quivered)
Armour
 b - a +0 helmet (worn)
 i - a +0 pair of gloves (worn)
 l - a +1 chain mail
 o - a scarf of spirit shield (worn)
 y - a +0 buckler (worn)
 A - a cursed +0 chain mail (worn)
Jewellery
 h - a +5 ring of intelligence
 n - a +2 ring of strength (right hand)
 C - a ring of protection from fire (left hand)
 D - a +3 ring of evasion
 E - a +4 ring of dexterity
 H - a cursed -5 ring of evasion
Wands
 a - a wand of polymorph (6/24)
 m - a wand of flame (21/48)
Scrolls
 k - a scroll of enchant armour
 r - a scroll of magic mapping
 s - 2 scrolls of blinking
 u - a scroll of fog
 w - 2 scrolls of remove curse
 z - 2 scrolls of teleportation
 G - a scroll of fear
 I - a scroll of enchant weapon
Potions
 e - 2 potions of curing
 g - a potion of resistance
 j - a potion of magic {unknown}
 p - a potion of heal wounds
 t - a potion of brilliance
 v - a potion of flight {unknown}
 F - a potion of agility {unknown}
Books
 q - a book of Maledictions

   Spells                             Type                      Level
   a - Corona                         Hexes                        1
   b - Ensorcelled Hibernation        Hexes/Ice                    2
   c - Confuse                        Hexes                        3
   d - Tukima's Dance                 Hexes                        3
   e - Dazzling Spray                 Conjuration/Hexes            3
 x - a book of Geomancy

   Spells                             Type                      Level
   a - Sandblast                      Earth                        1
   b - Passwall                       Transmutation/Earth          2
   c - Stone Arrow                    Conjuration/Earth            3
   d - Petrify                        Transmutation/Earth          4
   e - Lee's Rapid Deconstruction     Earth                        5
 B - a book of Debilitation

   Spells                             Type                      Level
   a - Corona                         Hexes                        1
   b - Slow                           Hexes                        2
   c - Inner Flame                    Hexes/Fire                   3
   d - Portal Projectile              Hexes/Translocation          3
   e - Cause Fear                     Hexes                        4
   f - Leda's Liquefaction            Hexes/Earth                  4
Miscellaneous
 f - a box of beasts
Comestibles
 d - 3 meat rations


   Skills:
 + Level 8.2 Fighting
 - Level 1.7 Throwing
 + Level 4.8 Armour
 - Level 2.6 Dodging
 - Level 5.8 Shields
 * Level 11.8 Unarmed Combat
 + Level 3.4 Invocations


You had 9 spell levels left.
You didn't know any spells.

Dungeon Overview and Level Annotations

Branches:
Dungeon (10/15)            Temple (1/1) D:4
   Lair: D:8-11         Orc: D:9-12

Altars:
Ashenzari
Cheibriados
Dithmenos
Elyvilon
Gozag
Kikubaaqudgha
Makhleb
Nemelex Xobeh
Qazlal
Sif Muna
Trog
Uskayaw
Xom
Yredelemnul
Zin
The Shining One

Annotations:
D:8 1 transporter
D:10 Harold


Innate Abilities, Weirdness & Mutations

Your body is rotting away.
You thrive on raw meat.
You are immune to poison.
You have sharp fingernails.
You are carnivorous and can eat meat at any time.
Your flesh is cold resistant. (rC+)
You are immune to negative energy. (rN+++)
You do not regenerate when monsters are visible.
You are immune to unholy pain and torment.
You can survive without breathing.


Message History

The ogre hits you with a giant club!!
* * * LOW HITPOINT WARNING * * *
The yak gores you!
* * * LOW HITPOINT WARNING * * *
The neqoxec gestures at you.
Strange energies course through your body.
Your body decomposes!
You feel weakened. The yak gores you but does no damage.
The ogre hits you with a giant club.
* * * LOW HITPOINT WARNING * * *
The yak gores you.
* * * LOW HITPOINT WARNING * * *
The neqoxec hits you but does no damage.
The yak gores you.
* * * LOW HITPOINT WARNING * * *
The yak gores you.
* * * LOW HITPOINT WARNING * * *
The ogre hits you with a giant club!
You die...

...............
............... ..
.....##'##.... .#
.....#...###+#####.##
.....#.........#....#
.....#.........#....+
.....#...<.....#....#
†....#.........#YO..#
.....#.........3@YY.#
.....######...####'##
###††.....#...# ..
#.......#...# ...
+.......#...# ...
#.......#...# ..
#.......#... .
#..<....# #...†...#


You could see 3 yaks, a neqoxec and an ogre.

Vanquished Creatures
  Pikel (D:7)
  A hornet (D:9)
  A slime creature (D:8)
  Sigmund (D:5)
  A wraith (D:8)
  3 yaks (D:10)
  Menkaure (D:7)
  A slave (D:7)
  A hornet zombie (D:9)
  2 ice beasts
  2 black bears
  3 sky beasts
  2 phantoms (D:4)
  3 necrophages
  4 ogres
  The ghost of Hasart the Cudgeler, an amateur DsWr (D:3)
  4 centaurs
  A crocodile (D:8)
  3 bullfrogs
  3 wyvern zombies (D:9)
  A wyvern skeleton (D:8)
  A scorpion (D:5)
  7 wights
  3 howler monkeys (D:8)
  6 crimson imps
  A centaur zombie (D:9)
  3 hounds
  2 orc priests
  A bullfrog skeleton (D:9)
  Ijyb (D:5)
  Natasha (twice) (D:4)
  2 iguanas
  7 orc wizards
  6 worker ants
  2 hound zombies
  A hound skeleton (D:7)
  A worker ant zombie (D:9)
  10 gnolls
  9 adders
  3 shadow imps
  2 oozes
  2 adder zombies
  3 worms
  2 dart slugs (D:1)
  5 leopard geckos
  29 orcs
  A ball python (D:1)
  3 giant cockroaches
  8 goblins
  2 hobgoblins
  10 jackals
  4 quokkas
  5 bats
  5 frilled lizards
  A jackal skeleton (D:5)
  5 kobolds
  3 quokka skeletons
  2 rats
200 creatures vanquished.

Vanquished Creatures (others)
  A centaur (D:7)
1 creature vanquished.

Grand Total: 201 creatures vanquished

Notes
Turn   | Place    | Note
-------+----------+-------------------------------------------
     0 | D:1      | MTVSty1e the Ghoul Gladiator began the quest for the Orb.
     0 | D:1      | Reached XP level 1. HP: 17/17 MP: 0/0
   272 | D:1      | Reached XP level 2. HP: 24/24 MP: 1/1
   800 | D:1      | Reached skill level 4 in Unarmed Combat
  1087 | D:2      | Reached XP level 3. HP: 29/29 MP: 2/2
  1320 | D:2      | Found a faded altar of an unknown god.
  1757 | D:2      | Reached XP level 4. HP: 35/38 MP: 3/3
  1874 | D:3      | Noticed Hasart's ghost (amateur DsWr)
  1945 | D:3      | Reached skill level 5 in Unarmed Combat
  2152 | D:3      | Found a shattered altar of Ashenzari.
  2195 | D:3      | Killed Hasart's ghost
  2195 | D:3      | Reached XP level 5. HP: 31/46 MP: 4/4
  2409 | D:3      | Reached skill level 6 in Unarmed Combat
  2627 | D:4      | Noticed a phantom
  2637 | D:4      | Reached XP level 6. HP: 48/52 MP: 5/5
  2674 | D:4      | Noticed a phantom
  2679 | D:4      | Killed a phantom
  2720 | D:4      | Killed a phantom
  2720 | D:4      | Reached skill level 7 in Unarmed Combat
  2720 | D:4      | Reached XP level 7. HP: 33/60 MP: 6/6
  2969 | D:4      | Reached skill level 5 in Fighting
  3132 | D:4      | Noticed Natasha
  3138 | D:4      | Killed Natasha
  3407 | D:4      | Found a staircase to the Ecumenical Temple.
  3467 | Temple   | Entered the Ecumenical Temple
  3555 | Temple   | Became a worshipper of Makhleb the Destroyer
  3693 | D:4      | Noticed Natasha
  3703 | D:4      | Killed Natasha
  3703 | D:4      | Reached skill level 8 in Unarmed Combat
  3851 | D:5      | Entered Level 5 of the Dungeon
  3889 | D:5      | Noticed Sigmund
  3906 | D:5      | Killed Sigmund
  3906 | D:5      | Reached skill level 1 in Armour
  3906 | D:5      | Reached skill level 1 in Shields
  3906 | D:5      | Reached XP level 8. HP: 60/68 MP: 7/7
  3952 | D:5      | Noticed Ijyb
  3960 | D:5      | Killed Ijyb
  3971 | D:5      | Found a glowing silver altar of Zin.
  4463 | D:6      | Reached * piety under Makhleb
  4475 | D:6      | Found a white marble altar of Elyvilon.
  4704 | D:6      | Reached skill level 9 in Unarmed Combat
  5216 | D:6      | Reached XP level 9. HP: 63/72 MP: 8/8
  5699 | D:7      | Noticed Menkaure
  5711 | D:7      | Killed Menkaure
  5922 | D:7      | Found a burning altar of Makhleb.
  6030 | D:7      | Reached skill level 10 in Unarmed Combat
  6113 | D:7      | Noticed Pikel
  6134 | D:7      | Killed Pikel
  6134 | D:7      | Reached skill level 5 in Shields
  6455 | D:8      | Reached ** piety under Makhleb
  6575 | D:8      | Reached XP level 10. HP: 71/84 MP: 9/9
  6818 | D:8      | Found a transporter.
  6819 | D:8      | Noticed an ogre mage
  6819 | D:8      | Noticed a necromancer
  6835 | D:8      | Noticed a kobold demonologist
  6836 | D:8      | Noticed a kobold demonologist
  6837 | D:8      | Noticed a deep elf mage
  6838 | D:8      | Noticed a kobold demonologist
  6840 | D:8      | Noticed a wizard
  7199 | D:8      | Found a sparkling altar of Nemelex Xobeh.
  7264 | D:8      | Noticed a necromancer
  7567 | D:8      | Reached skill level 11 in Unarmed Combat
  7682 | D:8      | Noticed a kobold demonologist
  7684 | D:8      | Noticed a necromancer
  7714 | D:8      | Noticed a kobold demonologist
  7920 | D:8      | Reached skill level 1 in Invocations
  8022 | D:8      | Found a shadowy altar of Dithmenos.
  8026 | D:8      | Found a snail-covered altar of Cheibriados.
  9081 | D:10     | Entered Level 10 of the Dungeon
  9121 | D:10     | Reached *** piety under Makhleb
  9169 | D:10     | Noticed Harold
  9183 | D:10     | Lost intelligence.
  9186 | D:10     | Slain by an ogre

Skill      XL: |  1  2  3  4  5  6  7  8  9 10 |
---------------+-------------------------------+-----
Unarmed Combat | 4 5 6 7 8 9 10 11 | 11.8
Fighting       | 3 4 5 6 7 8 |  8.2
Armour         | 1 2 3 4 |  4.8
Shields        | 1 3 5 |  5.8
Invocations    | 3 |  3.4
Throwing       | |  1.7
Dodging        | |  2.6

Action                   |  1- 3 |  4- 6 |  7- 9 | 10-12 || total
-------------------------+-------+-------+-------+-------++-------
Melee: Unarmed           |    99 |   151 |   420 |   294 ||   964
       Punch             |       |     1 |     3 |       ||     4
Invok: Lesser Servant of |       |       |       |     1 ||     1
  Use: Scroll            |       |     6 |    10 |     2 ||    18
       Potion            |       |     8 |     3 |     2 ||    13
  Eat: Chunk             |     3 |     2 |    12 |     4 ||    21
       Meat ration       |       |       |     1 |     1 ||     2
       Royal jelly       |       |       |     1 |     2 ||     3
Armor: Leather armour    |    13 |       |       |       ||    13
       Chain mail        |    32 |    86 |   171 |   122 ||   411
Dodge: Dodged            |    30 |    41 |   115 |   104 ||   290
Block: Buckler           |       |       |    55 |    48 ||   103
